 Seeded DCSS version 0.28.0-47-ge53b351184 (webtiles) character file.

Game seed: 523019199727972820 (custom seed)

4186 thiscave3701365 the Cleaver (level 10, -3/93 HPs)
             Began as a Minotaur Berserker on May 10, 2022.
             Was a Believer of Trog.
             Slain by a wraith (9 damage)
             ... led by Josephine
             ... on level 10 of the Dungeon.
             The game lasted 00:08:42 (10957 turns).

thiscave3701365 the Cleaver (Minotaur Berserker)   Turns: 10957, Time: 00:08:42

Health: -3/93      AC: 18    Str: 25    XL:     10   Next: 8%
Magic:  9/9        EV:  2    Int:  4    God:    Trog [**....]
Gold:   629        SH: 12    Dex: 11    Spells: 9/9 levels left

rFire   . . .      SeeInvis .   a - +0 hand axe
rCold   . . .      Faith    .   b - +0 tower shield
rNeg    . . .      Spirit   .   x - +0 crystal plate armour
rPois   .          Reflect  .   (helmet restricted)
rElec   .          Harm     .   (no cloak)
rCorr   .          Rampage  .   (no gloves)
Will    .....                   (no boots)
Stlth   ..........              v - amulet of regeneration
HPRegen 1.05/turn               (no ring)
MPRegen 0.11/turn               (no ring)

@: mighty, on berserk cooldown, slowed, very slow
A: horns 2, retaliatory headbutt
a: Renounce Religion, Berserk, Trog's Hand


You were on level 10 of the Dungeon.
You worshipped Trog.
Trog was pleased with you.
You visited 1 branch of the dungeon, and saw 10 of its levels.

You collected 989 gold pieces.
You spent 360 gold pieces at shops.

Inventory:

Hand Weapons
 a - a +0 hand axe (weapon)
Missiles
 j - 2 throwing nets
Armour
 b - a +0 tower shield (worn)
 x - a +0 crystal plate armour (worn)
Jewellery
 m - an amulet of guardian spirit
 v - an amulet of regeneration (around neck)
Wands
 r - a wand of paralysis (9)
 w - a wand of flame (23)
Scrolls
 c - a scroll of fog
 e - 2 scrolls of teleportation
 k - a scroll of immolation {unknown}
 l - a scroll of vulnerability
 s - 2 scrolls of blinking
 u - 2 scrolls of summoning
Potions
 d - a potion of curing {unknown}
 f - a potion of berserk rage
 g - a potion of resistance
 i - a potion of cancellation {unknown}
 n - 2 potions of invisibility
 q - a potion of heal wounds
 t - a potion of lignification
 z - a potion of mutation
Miscellaneous
 h - a lightning rod (4/4)


   Skills:
 + Level 10.0 Fighting
 + Level 12.0 Axes
 + Level 6.3 Armour
 + Level 4.7 Dodging
 + Level 2.4 Stealth
 + Level 3.8 Shields


You had 9 spell levels left.
You didn't know any spells.
Your spell library was empty.

Dungeon Overview and Level Annotations

Branches:
Dungeon (10/15)            Temple (0/1) D:4
   Lair: D:8-11         Orc: D:9-12

Altars:
Nemelex Xobeh

Shops:
D:7 *

Annotations:
D:10 Josephine


Innate Abilities, Weirdness & Mutations

You have a pair of horns on your head.
You reflexively headbutt those who attack you in melee.


Message History

The wraith hits you but does no damage. x2
The yak gores you but does no damage.
Okay, then.
You hit the yak.
The yak is severely wounded.
You slash the wraith! You hit the wraith but do no damage.
You closely miss Josephine. Josephine hits you but does no damage.
You block the wraith's attack. The wraith hits you but does no damage.
The yak gores you but does no damage. You block Josephine's attack.
The wraith hits you but does no damage. The yak gores you!
* * * LOW HITPOINT WARNING * * *
The wraith hits you but does no damage.
You slash the yak! You headbutt the yak.
You kill the yak!
Trog accepts your kill.
You slash Josephine! You hit the wraith but do no damage.
You closely miss the wraith. You block Josephine's attack. The wraith hits you.
* * * LOW HITPOINT WARNING * * *
The wraith drains your vigour!
You feel as though you will be slow longer.
The wraith hits you.
* * * LOW HITPOINT WARNING * * *
The wraith drains your vigour!
You feel as though you will be slow longer.
The wraith hits you.
* * * LOW HITPOINT WARNING * * *
The wraith drains your vigour!
You feel as though you will be slow longer.
Josephine hits you but does no damage.
You hit Josephine. Your headbutt misses Josephine.
Josephine is heavily wounded.
You slash the wraith!
You destroy the wraith!
Trog accepts your kill.
You hit the wraith but do no damage. You hit the wraith.
The wraith hits you but does no damage. x2
Josephine hits you but does no damage. The wraith hits you.
* * * LOW HITPOINT WARNING * * *
The wraith hits you!
You die...

..######..#
...........####
...............
#..............
#..........####
#..........#
.#########..........#
......W.............####
.....YW@...........^....
.....Y@####.............
......Y #.(...........
....... #.............
....... #.............
....... #.............
....... #.............
####### ##############


You could see Josephine, 3 yaks and 2 wraiths.

Vanquished Creatures
  A two-headed ogre (D:8)
  Grinder (D:5)
  A yak (D:10)
  A wraith (D:10)
  A steam dragon (D:6)
  Menkaure (D:5)
  An acid dragon (D:10)
  3 orc warriors
  A black bear (D:8)
  A sky beast (D:7)
  A necrophage (D:6)
  4 ogres
  A centaur (D:8)
  A phantom (D:4)
  2 kobold brigands
  A bullfrog (D:7)
  A wyvern zombie (D:6)
  4 scorpions
  A wyvern skeleton (D:6)
  The ghost of Gingerlord the Skirmisher, a weakling PaFi (D:3)
  5 wights (D:7)
  A howler monkey (D:4)
  A centaur zombie (D:6)
  5 orc priests
  2 gnoll shamans
  A jelly (D:6)
  3 hounds
  5 iguanas
  Ijyb (D:4)
  9 orc wizards
  A hound zombie (D:5)
  A hound skeleton (D:4)
  6 gnolls
  A howler monkey zombie (D:9)
  7 adders
  A hound simulacrum (D:3)
  A white imp (D:7)
  An ufetubus (D:5)
  An adder skeleton (D:4)
  3 worms
  A dart slug (D:4)
  An adder simulacrum (D:3)
  23 orcs
  12 endoplasms
  3 giant cockroaches
  4 goblins
  5 hobgoblins
  6 quokkas
  6 ball pythons
  A ball python simulacrum (D:3)
  6 bats
  A frilled lizard (D:1)
  14 kobolds
  6 rats
174 creatures vanquished.

Vanquished Creatures (others)
  5 plants (D:5)
5 creatures vanquished.

Grand Total: 179 creatures vanquished

Notes
Turn   | Place    | Note
-------+----------+-------------------------------------------
     0 | D:1      | thiscave3701365 the Minotaur Berserker began the quest for
                  | the Orb.
     0 | D:1      | Reached XP level 1. HP: 19/19 MP: 0/0
   307 | D:1      | Reached skill level 4 in Axes
   307 | D:1      | Reached XP level 2. HP: 26/27 MP: 1/1
   957 | D:1      | Found a faded altar of an unknown god.
  1438 | D:2      | Reached XP level 3. HP: 29/33 MP: 2/2
  1809 | D:2      | You fall into a shaft and drop 1 floor!
  2088 | D:3      | Found a runed translucent gate.
  2228 | D:3      | Reached XP level 4. HP: 35/41 MP: 3/3
  2322 | D:3      | Noticed Gingerlord's ghost (weakling PaFi)
  2349 | D:3      | Found a runed translucent gate.
  2349 | D:3      | Found a runed translucent gate.
  2770 | D:3      | Killed Gingerlord's ghost
  2771 | D:3      | Reached skill level 5 in Axes
  3279 | D:4      | Reached XP level 5. HP: 47/47 MP: 4/4
  3280 | D:4      | Noticed a phantom
  3283 | D:4      | Reached skill level 5 in Fighting
  3293 | D:4      | Killed a phantom
  3294 | D:4      | Reached skill level 6 in Axes
  3364 | D:4      | Reached XP level 6. HP: 14/56 MP: 5/5
  3944 | D:4      | Noticed Ijyb
  3955 | D:4      | Killed Ijyb
  4243 | D:4      | Found a staircase to the Ecumenical Temple.
  4275 | D:4      | Reached skill level 7 in Axes
  4652 | D:4      | Reached XP level 7. HP: 40/62 MP: 6/6
  5413 | D:5      | Entered Level 5 of the Dungeon
  5417 | D:5      | Reached skill level 8 in Axes
  5417 | D:5      | Reached skill level 1 in Stealth
  5739 | D:5      | Noticed Menkaure
  5749 | D:5      | Killed Menkaure
  5750 | D:5      | Reached ** piety under Trog
  5764 | D:5      | Reached skill level 9 in Axes
  5767 | D:5      | HP: 3/64 [poisoned by a scorpion]
  6432 | D:5      | Noticed Grinder
  6440 | D:5      | Reached XP level 8. HP: 44/71 MP: 7/7
  6446 | D:5      | Killed Grinder
  7344 | D:6      | Reached skill level 10 in Axes
  8237 | D:6      | Identified a scroll of acquirement
  8237 | D:6      | Acquired 516 gold pieces
  8372 | D:7      | Reached XP level 9. HP: 81/81 MP: 8/8
  8858 | D:7      | Reached skill level 11 in Axes
  8914 | D:7      | Found a sparkling altar of Nemelex Xobeh.
  9073 | D:7      | Found Poej's Elemental Accessories.
  9081 | D:7      | Bought a lightning rod (4/4) for 360 gold pieces
  9712 | D:8      | Noticed a two-headed ogre
  9720 | D:8      | Killed a two-headed ogre
  9721 | D:8      | Reached skill level 5 in Armour
 10059 | D:8      | Reached skill level 12 in Axes
 10804 | D:9      | Reached XP level 10. HP: 93/93 MP: 9/9
 10897 | D:10     | Entered Level 10 of the Dungeon
 10941 | D:10     | Noticed Josephine
 10948 | D:10     | Reached skill level 10 in Fighting
 10957 | D:10     | Slain by a wraith

Illustrated notes

Levels and vault maps discovered:
D:1:      minmay_arrival_floating_metal, layout_loops_corners,
          shapermc_ecumenical_altar_notcrosses, minivault_11
D:2:      layout_basic, basic_altar
D:3:      layout_basic, gammafunk_ghost_icy
D:4:      minmay_chambers_of_twos, layout_loops_cross,
          minmay_temple_entry_fiery, minmay_fractal_squares_5, uniq_ijyb
D:5:      layout_rooms, serial_bayou_lagoon_a, uniq_grinder, uniq_menkaure
D:6:      layout_loops_ring, grunt_decor_fettered, kennysheep_small_circle
D:7:      layout_loops_ring, mainiacjoe_overflow_small_starburst,
          nicolae_elemental_shop
D:8:      layout_rooms
D:9:      layout_stronghold, ebering_ghost_reflecting_pool
D:10:     layout_small_grid, erik_lair_island, uniq_urug, uniq_nergalle,
          uniq_josephine, uniq_erica

Skill      XL: |  1  2  3  4  5  6  7  8  9 10 |
---------------+-------------------------------+-----
Axes           | 4 5 6 7 9 10 12 | 12.0
Fighting       | 4 5 6 8 9 10 | 10.0
Dodging        | 3 4 |  4.7
Stealth        | 1 2 |  2.4
Armour         | 3 6 |  6.3
Shields        | 3 |  3.8

Action                   |  1- 3 |  4- 6 |  7- 9 | 10-12 || total
-------------------------+-------+-------+-------+-------++-------
Melee: Hand axe          |    89 |    85 |   255 |    20 ||   449
       Headbutt          |    15 |    10 |    51 |     3 ||    79
       Punch             |     2 |       |     1 |       ||     3
Invok: Berserk           |     1 |     8 |    22 |     1 ||    32
  Use: Scroll            |       |     5 |     8 |       ||    13
       Potion            |       |       |       |     1 ||     1
 Stab: Sleeping          |       |       |     1 |       ||     1
Armor: Animal skin       |     9 |     7 |     7 |       ||    23
       Crystal plate arm |       |       |    93 |    24 ||   117
       Chain mail        |       |       |     2 |       ||     2
Dodge: Dodged            |    53 |    34 |    49 |     3 ||   139
Block: Tower shield      |       |       |    69 |    22 ||    91
